 Dungeon Crawl Stone Soup version 0.32-a0-630-g46d191b0ed (webtiles) character file.

Game seed: 6257669234545163726

4239 Esekla the Covert (level 10, -5/68 HPs)
             Began as an Octopode Delver on Mar 6, 2024.
             Was an Initiate of Gozag.
             Slain by a wolf (11 damage)
             ... led by Grum
             ... on level 7 of the Dungeon on Mar 7, 2024.
             The game lasted 00:49:01 (7947 turns).

Esekla the Covert (Octopode Delver)                 Turns: 7947, Time: 00:49:02

Health: -5/68      AC:  1    Str: 12    XL:     10   Next: 30%
Magic:  0/15       EV: 20    Int: 16    God:    Gozag
Gold:   712        SH:  0    Dex: 14    Spells: 11/16 levels left

rFire   . . .        a - +4 falchion
rCold   . . .        (no shield)
rNeg    . . .        (helmet restricted)
rPois   .            p - amulet of guardian spirit
rElec   .            u - ring of flight
rCorr   .            F - +5 ring of evasion
SInv    .            (no ring)
Will    .....        (no ring)
Stlth   +++++        (no ring)
HPRegen 0.31/turn    (no ring)
MPRegen 0.14/turn    (no ring)
                     (no ring)

%: guardian spirit
@: flying
A: almost no armour, amphibious, 8 rings, camouflage 1, gelatinous body 1,
(nimble swimmer 1), tentacles
a: Renounce Religion, Potion Petition, Call Merchant, Bribe Branch


You were on level 7 of the Dungeon.
You worshipped Gozag.
Gozag was pleased with you.
You visited 2 branches of the dungeon, and saw 9 of its levels.

You collected 1426 gold pieces.
You paid 714 gold pieces to Gozag.

Inventory:

Hand Weapons
 a - a +4 falchion (weapon)
 s - a +1 dagger of venom
 w - a +3 trident of draining
Missiles
 i - 3 boomerangs
 q - 13 curare-tipped darts
 D - 24 poisoned darts (quivered)
Jewellery
 p - an amulet of guardian spirit (around mantle)
 u - a ring of flight (left tentacle)
 F - a +5 ring of evasion (right tentacle)
Wands
 f - a wand of digging (3)
 l - a wand of polymorph (8)
 t - a wand of flame (25)
 v - a wand of iceblast (7)
 B - a wand of mindburst (6)
 E - a wand of paralysis (14)
Scrolls
 b - 6 scrolls of fog
 d - 2 scrolls of blinking {unknown}
 g - a scroll of vulnerability {unknown}
 h - a scroll of enchant armour {unknown}
 j - 3 scrolls of immolation {unknown}
 k - a scroll of identify
 o - 2 scrolls of poison {unknown}
 x - 2 scrolls of noise {unknown}
 y - a scroll of amnesia {unknown}
 z - 2 scrolls of teleportation
 A - a scroll of torment {unknown}
 G - a scroll of enchant weapon {unknown}
 J - a scroll of revelation
Potions
 c - a potion of degeneration {unknown}
 e - a potion of haste
 m - 2 potions of brilliance {unknown}
 n - a potion of cancellation
 r - a potion of mutation
 C - a potion of might
 I - a potion of attraction {unknown}
 K - a potion of enlightenment {unknown}


   Skills:
 * Level 6.1 Fighting
 + Level 1.6(3.7) Short Blades
 + Level 5.2(5.3) Long Blades
 + Level 2.2 Throwing
 * Level 5.3 Dodging
 + Level 10.3 Stealth
 * Level 3.7 Spellcasting
 * Level 4.5 Necromancy
 * Level 4.6 Air Magic
 * Level 5.8 Alchemy
 + Level 0.1 Evocations


You had 11 spell levels left.
You knew the following spells:

 Your Spells              Type           Power      Damage    Failure   Level
d - Vampiric Draining     Necr           17%        2d7       9%          3
v - Mercury Vapours       Alch/Air       38%        N/A       3%          2

Your spell library contained the following spells:

 Spells                   Type           Power      Damage    Failure   Level
 Necrotise                Necr           68%        1d7       2%          1
 Sublimation of Blood     Necr           17%        N/A       4%          2
 Sting                    Conj/Alch      48%        1d6       5%          1
 Olgreb's Toxic Radiance  Alch           21%        N/A       16%         4
 Petrify                  Alch/Erth      12%        N/A       45%         4
 Martyr's Knell           Necr/Summ      10%        N/A       56%         4
 Curse of Agony           Necr           17%        N/A       58%         5
 Irradiate                Conj/Alch      6%         3d13      82%         5


Dungeon Overview and Level Annotations

Branches:
Dungeon (8/15)             Temple (1/1) D:5
   Lair: D:8-11

Altars:
Ashenzari
Cheibriados
Dithmenos
Elyvilon
Fedhas
Gozag
Hepliaklqana
Kikubaaqudgha
Makhleb
Nemelex Xobeh
Okawaru
Qazlal
Ru
Sif Muna
Trog
Uskayaw
Vehumet
Wu Jian
Xom
Yredelemnul
Zin
The Shining One

Shops:
D:4 =

Annotations:
D:4 3 runed translucent doors, CougarLife's ghost, amateur GrEE
Temple 2 transporters


Innate Abilities, Weirdness & Mutations

You cannot wear most types of armour.
You are amphibious.
You can wear up to eight rings at the same time.
Your skin changes colour to match your surroundings (Stealth+).
Your rubbery body absorbs attacks. (AC +1, EV +1)
((You are camouflaged when in or above water. (Stealth+)))
You have tentacles for arms and can constrict up to eight enemies at once.


Message History

You hit the wolf.
The wolf is poisoned.
Your grab misses the wolf.
The wolf is lightly wounded.
The wolf bites you. The wolf barely misses you. The wolf misses you.
You hit the wolf but do no damage.
The wolf is poisoned.
Your grab misses the wolf. The wolf bites you! The wolf barely misses you.
The wolf closely misses you.
Okay, then.
Your +1 dagger of venom stops dripping with poison.
a - a +4 falchion (weapon)
The wolf bites you. The wolf barely misses you.
Okay, then.
Okay, then.
You hit the wolf. Your grab misses the wolf.
The wolf is moderately wounded.
The wolf misses you. The wolf closely misses you. x2
You barely miss the wolf. Your grab misses the wolf.
The wolf is heavily wounded.
The wolf misses you. The wolf bites you.
* * * LOW HITPOINT WARNING * * *
The wolf completely misses you. The wolf bites you!
* * * LOW HITPOINT WARNING * * *
You feel better. The wolf completely misses you. x2
The wolf bites you but does no damage.
You closely miss the wolf. Your grab misses the wolf.
The wolf is heavily wounded.
The wolf bites you but does no damage. The wolf barely misses you.
The wolf closely misses you. The wolf barely misses you.
You miss the wolf. You grab the wolf. You squeeze the wolf, but do no damage.
The wolf is severely wounded.
You constrict the wolf, but do no damage.
The wolf misses you. x2; The wolf bites you!
* * * LOW HITPOINT WARNING * * *
You hit the wolf but do no damage. Your grab misses the wolf.
Your squeeze misses the wolf.
The wolf is heavily wounded.
You constrict the wolf. The wolf barely misses you. The wolf bites you!
* * * LOW HITPOINT WARNING * * *
The wolf bites you!
You die...
Your body crumbles into a pile of gold.

..#...................#.....##
..#..#..............###)#....###
..)..........###........#......#
#............# #...........#.####
##...........###......[....#####.
###.#####....#.............#..#..
......##..##.#...................
..........#...............##...#.
...............h@h.....#......##.
...........##.................##.
...............................##
....##........................#..
..####........................#..
..#.#...........#.............#..
#.......#......##................
#.....##......#.......#..........
##.....##.....#......##..........


You could see 2 wolves.

Vanquished Creatures
  Maurice (D:7)
  Joseph (D:7)
  Jeremiah (D:7)
  Grum (D:8)
  A water moccasin (D:7)
  Duvessa (D:4)
  2 sky beasts (D:7)
  4 black bears
  2 ice beasts
  An orc warrior (D:7)
  3 centaurs
  2 phantoms (D:5)
  2 kobold brigands (D:7)
  4 bullfrogs
  2 scorpions
  4 wights (D:8)
  Dowan (D:4)
  A vampire bat (D:7)
  A howler monkey (D:6)
  2 bombardier beetles
  An orc priest (D:8)
  6 jellies
  4 hounds
  2 sleepcaps
  2 iguanas
  5 orc wizards
  Robin (D:2)
  4 gnolls (D:5)
  6 adders
  A shadow imp (D:5)
  2 ufetubi (D:5)
  A ribbon worm (D:3)
  A dart slug (D:4)
  20 orcs
  9 bats
  6 endoplasms
  7 giant cockroaches
  19 goblins
  13 hobgoblins
  2 jackals (D:3)
  7 ball pythons
  5 frilled lizards
  10 kobolds
  3 rats
174 creatures vanquished.

Notes
Turn   | Place    | Note
-------+----------+-------------------------------------------
     0 | D:5      | Esekla the Octopode Delver began the quest for the Orb.
     0 | D:5      | Reached XP level 1. HP: 16/16 MP: 1/1
     6 | D:5      | Noticed a sleepcap
    58 | D:5      | Noticed a jelly
   155 | D:5      | Found a staircase to the Ecumenical Temple.
   164 | Temple   | Found a transporter.
   164 | Temple   | Found a transporter.
   164 | Temple   | Found a transporter.
   164 | Temple   | Found a transporter.
   164 | Temple   | Entered the Ecumenical Temple
   179 | Temple   | Became a worshipper of Gozag Ym Sagoz the Greedy
   222 | D:4      | Noticed Dowan
   244 | D:5      | Noticed a jelly
   254 | D:5      | Noticed a bombardier beetle
   266 | D:5      | Noticed a hound
   283 | D:5      | Reached skill level 7 in Stealth
   283 | D:5      | Reached XP level 2. HP: 11/21 MP: 2/2
   410 | D:5      | Noticed a scorpion
   447 | D:4      | Noticed Duvessa
   540 | D:3      | Reached XP level 3. HP: 26/26 MP: 3/3
   601 | D:3      | Learned a level 2 spell: Mercury Vapours
   777 | D:1      | Found a faded altar of an unknown god.
  1093 | D:1      | Reached XP level 4. HP: 31/31 MP: 5/5
  1151 | D:1      | Reached skill level 1 in Spellcasting
  1613 | D:2      | Noticed Robin
  1883 | D:2      | Killed Robin
  1892 | D:2      | Reached skill level 1 in Alchemy
  2113 | D:2      | Reached XP level 5. HP: 36/36 MP: 6/6
  2719 | D:3      | Learned a level 3 spell: Vampiric Draining
  3030 | D:4      | Reached skill level 8 in Stealth
  3083 | D:4      | Reached skill level 1 in Air Magic
  3083 | D:4      | Reached XP level 6. HP: 19/43 MP: 4/8
  3494 | D:5      | Reached skill level 1 in Necromancy
  3641 | D:5      | Reached XP level 7. HP: 5/47 MP: 1/9
  4464 | D:5      | Reached XP level 8. HP: 43/54 MP: 9/11
  4860 | D:4      | Found a runed translucent gate.
  4861 | D:4      | Found a runed translucent gate.
  4861 | D:4      | Found a runed translucent gate.
  4862 | D:4      | Noticed CougarLife's ghost (amateur GrEE)
  5080 | D:4      | Identified the +3 flail "Saorudd" {heavy, rPois Int-2 Dex+4
                  | SInv}
  5346 | D:4      | Killed Duvessa
  5347 | D:4      | Reached skill level 5 in Fighting
  5360 | D:4      | Killed Dowan
  5977 | D:6      | Reached skill level 9 in Stealth
  6005 | D:6      | Reached XP level 9. HP: 51/61 MP: 11/13
  6011 | D:6      | Reached skill level 1 in Throwing
  6263 | D:6      | Found an iron altar of Okawaru.
  6399 | D:7      | Noticed Jeremiah
  6410 | D:7      | Reached skill level 1 in Short Blades
  6461 | D:7      | Found a broken altar of Ashenzari.
  6463 | D:7      | Noticed Maurice
  6468 | D:7      | Maurice stole 12 curare-tipped darts
  6475 | D:7      | Something stole a +0 dagger
  6715 | D:7      | Found a shimmering blue altar of Sif Muna.
  6873 | D:7      | Noticed Joseph
  6934 | D:7      | Killed Joseph
  7013 | D:7      | Maurice stole 339 gold
  7016 | D:7      | Maurice stole 71 gold
  7019 | D:7      | Killed Maurice
  7020 | D:7      | Reached skill level 5 in Alchemy
  7104 | D:7      | Reached skill level 5 in Long Blades
  7104 | D:7      | Reached skill level 10 in Stealth
  7169 | D:7      | Reached skill level 5 in Dodging
  7211 | D:7      | Reached XP level 10. HP: 46/68 MP: 12/15
  7555 | D:7      | Killed Jeremiah
  7724 | D:8      | Noticed Grum
  7741 | D:8      | Killed Grum
  7947 | D:7      | Slain by a wolf

Illustrated notes

Levels and vault maps discovered:
D:1:      dpeg_arrival_renting, layout_basic,
          shapermc_ecumenical_altar_starsandcircs, roderic_roman_lattice
D:2:      layout_rooms, uniq_robin
D:3:      layout_loops_cross
D:4:      layout_loops_ring, ebering_ghost_rock_garden, uniq_duvessa
D:5:      layout_basic, minmay_temple_entry_statues_fountains,
          minmay_misc_feat_plants, reono_crystal_passage,
          kennysheep_generic_room_3
D:6:      layout_loops_ring, okawaru_metal_pillars_3, nicolae_eternal_life,
          abandoned_shop, minmay_misc_feat_chi, hangedman_decor_growths
D:7:      layout_cave_pools, hellmonk_sif_muna_bookshelves,
          nicolae_ashenzari_panopticon, hex_tiny, roderic_batcave, uniq_joseph,
          uniq_jeremiah, uniq_maurice
D:8:      layout_cave_pools, uniq_amaemon, uniq_grum
Temple:   hellmonk_temple_divided_pantheon

Skill      XL: |  1  2  3  4  5  6  7  8  9 10 |
---------------+-------------------------------+-----
Stealth        | 7 8 9 10 | 10.3
Spellcasting   | 1 2 3 |  3.7
Alchemy        | 1 3 4 5 |  5.8
Air Magic      | 1 2 3 4 |  4.6
Dodging        | 3 4 5 |  5.3
Necromancy     | 1 2 3 4 |  4.5
Fighting       | 4 5 6 |  6.1
Long Blades    | 3 4 5 |  5.2
Throwing       | 2 |  2.2
Short Blades   | 1 |  1.6
Evocations     | |  0.1

Action                     |  1- 3 |  4- 6 |  7- 9 | 10-12 || total
---------------------------+-------+-------+-------+-------++-------
  Melee: Falchion          |    43 |    98 |   118 |    24 ||   283
         Tentacles         |     7 |    23 |    44 |    26 ||   100
         Constrict         |    13 |    29 |    32 |    13 ||    87
         Dagger            |    11 |    41 |    41 |    41 ||   134
  Throw: Dart              |       |     1 |    24 |     1 ||    26
   Cast: Vampiric Draining |       |       |     4 |       ||     4
 Invoke: Call Merchant     |       |       |     1 |       ||     1
  Evoke: Wand              |       |     1 |     1 |       ||     2
    Use: Scroll            |     2 |       |     7 |       ||     9
         Potion            |       |     2 |     4 |     1 ||     7
   Stab: Sleeping          |    11 |    19 |    11 |       ||    41
         Distracted        |       |     2 |       |     1 ||     3
 Armour: Skin              |    20 |    74 |    90 |    39 ||   223
  Dodge: Dodged            |    16 |    73 |   118 |    79 ||   286

Table legend: (Time is in decaauts)
 A = Elapsed time spent in this place.
 B = Non-inter-level travel time spent in this place.
 C = Inter-level travel time spent in this place.
 D = Time resting spent in this place.
 E = Time spent auto-exploring this place.
 F = Levels seen in this place.
 G = Mean time per level.
                   A        B        C        D        E       F      G
               +--------+--------+--------+--------+--------+-----+--------+
         Total |   7948 |   7781 |    167 |   2209 |   1684 |   9 |  883.1 |
       Dungeon |   7922 |   7755 |    167 |   2209 |   1684 |   8 |  990.2 |
        Temple |     26 |     26 |      0 |      0 |      0 |   1 |   26.0 |
               +--------+--------+--------+--------+--------+-----+--------+

Top non-repeatable levels by time:
     D:5: 2046 daAuts
     D:1: 1186 daAuts
     D:4: 1167 daAuts
     D:7: 1088 daAuts
     D:6: 982 daAuts
     D:3: 631 daAuts
     D:2: 504 daAuts
     D:8: 314 daAuts
  Temple: 26 daAuts
